 Dungeon Crawl Stone Soup version 0.30-a0-534-gdc55766716 (webtiles) character file.

Game seed: 12885083684562970430

55469 billz999 the Fighter (level 15, -2/115 HPs)
             Began as a Djinni Fire Elementalist on Dec 20, 2022.
             Was a High Priest of Nemelex Xobeh.
             Slain by a boulder beetle (18 damage)
             ... on level 4 of the Lair of Beasts on Dec 25, 2022.
             The game lasted 01:22:16 (22039 turns).

billz999 the Fighter (Djinni Fire Elementalist)    Turns: 22039, Time: 01:22:17

Health: -2/115     AC: 10    Str: 11    XL:     15   Next: 18%
Gold:   590        EV: 12    Int: 34    God:    Nemelex Xobeh [*****.] SH:  6 Dex: 20

rFire   + + .      SeeInvis .    u - +9 dagger of Defilement {drain, Fragile Fly Str-2 Dex+6}
rCold   x . .      Faith    +    J - +0 buckler
rNeg    . . .      Spirit   .    K - +0 ring mail "Gabal" {*Slow Str+6 Int+4}
rPois   ∞          Reflect  .    y - +2 hat
rElec   .          Harm     .    k - +1 cloak
rCorr   .          Rampage  .    W - +0 pair of gloves
Will    +....                    (boots unavailable)
Stlth   ++                       P - amulet of faith
HPRegen 0.39/turn                x - +4 ring of slaying
MPRegen 0.00/turn                X - +6 ring of intelligence

@: flying
A: sickness immunity, fire resistance 2, cold vulnerability 1, float, innate
caster, HP casting, extra vitality 1
a: Renounce Religion, Draw Escape, Draw Destruction, Draw Summoning, Draw Stack,
Triple Draw, Deal Four, Stack Five


You were on level 4 of the Lair of Beasts.
You worshipped Nemelex Xobeh.
Nemelex Xobeh was extremely pleased with you.
You visited 2 branches of the dungeon, and saw 17 of its levels.

You collected 983 gold pieces.
You spent 393 gold pieces at shops.

Inventory:

Hand Weapons
 c - a +0 short sword
 u - the +9 dagger of Defilement (weapon) {drain, Fragile Fly Str-2 Dex+6}
   (You found it on level 4 of the Dungeon)

   A truly terrible weapon, it drains the life of any living foe it strikes.
   Str:       It affects your strength (-2).
   Dex:       It affects your dexterity (+6).
   Fly:       It grants you flight.
   Fragile:   It will be destroyed if unequipped.
Missiles
 M - a throwing net
Armour
 a - a +0 robe
 d - a scarf of invisibility
 e - the +0 ring mail of Xom, Slashing {rF+++ rC- Dex-5}
   (You acquired it on level 8 of the Dungeon)

   Dex:       It affects your dexterity (-5).
   rF:        It renders you almost immune to fire.
   rC:        It makes you vulnerable to cold.
 k - a +1 cloak (worn)
 n - a +0 pair of gloves
 y - a +2 hat (worn)
 G - the +8 storm dragon scales of the Tired Scars {rElec Will+ Int+2}
   (You acquired it on level 8 of the Dungeon)

   Int:       It affects your intelligence (+2).
   rElec:     It insulates you from electricity.
   Will:      It increases your willpower.
 J - a +0 buckler (worn)
 K - the +0 ring mail "Gabal" (worn) {*Slow Str+6 Int+4}
   (You bought it in a shop on level 4 of the Dungeon)

   Str:       It affects your strength (+6).
   Int:       It affects your intelligence (+4).
   *Slow:     It may slow you when you take damage.
 W - a +0 pair of gloves (worn)
Magical Staves
 O - a staff of conjuration
Jewellery
 x - a +4 ring of slaying (left hand)
 A - a ring of protection from cold
 N - an amulet of the acrobat
 P - an amulet of faith (around neck)
 Q - a +4 ring of evasion
 R - a +4 ring of evasion
 S - a ring of wizardry
 U - a ring of see invisible
 V - a ring of positive energy
 X - a +6 ring of intelligence (right hand)
Wands
 v - a wand of digging (9)
 B - a wand of flame (20)
 T - a wand of polymorph (5)
 Y - a wand of iceblast (3)
Scrolls
 f - 2 scrolls of butterflies
 g - 3 scrolls of fear
 i - 3 scrolls of silence
 l - 3 scrolls of blinking
 q - 3 scrolls of torment
 r - 3 scrolls of enchant armour
 s - 3 scrolls of identify
 w - a scroll of noise {unknown}
 D - 3 scrolls of teleportation
 F - 4 scrolls of magic mapping {unknown}
 I - 2 scrolls of poison {unknown}
Potions
 b - 4 potions of haste
 h - 4 potions of might
 j - 4 potions of curing
 m - 2 potions of lignification {unknown}
 o - 3 potions of degeneration {unknown}
 p - 5 potions of magic {unknown}
 z - a potion of berserk rage {unknown}
 C - 5 potions of ambrosia
 E - a potion of attraction {unknown}
 H - 3 potions of mutation {unknown}
 L - a potion of brilliance {unknown}


   Skills:
 - Level 13.3 Fighting
 - Level 10.0 Short Blades
 + Level 4.2 Dodging
 - Level 1.5 Stealth
 - Level 4.0 Shields
 + Level 11.3 Spellcasting
 - Level 12.0 Invocations


You couldn't memorise any spells.
You knew the following spells:

 Your Spells              Type           Power      Damage    Failure   Level
a - Foxfire               Conj/Fire      100%       2x1d9     1%          1
b - Scorch                Fire           100%       2d10      1%          2
c - Kindle Blastsparks    Fire/Tloc/Air  100%       2d18      1%          3
d - Inner Flame           Hex/Fire       77%        N/A       1%          3
e - Flame Wave            Conj/Fire      77%        2d17      1%          4
f - Shock                 Conj/Air       100%       1d9       1%          1
g - Call Imp              Summ           77%        N/A       1%          2
h - Blink                 Tloc           100%       N/A       1%          2
i - Summon Ice Beast      Ice/Summ       77%        N/A       1%          4
j - Blade Hands           Tmut           38%        N/A       1%          5
k - Fireball              Conj/Fire      38%        3d16      1%          5
l - Death Channel         Necr           38%        N/A       11%         6
Your spell library was empty.

Dungeon Overview and Level Annotations

Branches:
Dungeon (12/15)            Temple (0/1) D:6            Lair (5/5) D:11
  Swamp (0/4) Lair:2       Spider (0/4) Lair:3        Slime (0/5) Lair:5
    Orc (0/2) D:9

Altars:
Cheibriados
Fedhas
Hepliaklqana
Nemelex Xobeh
Ru
Xom
Yredelemnul
Zin
Jiyva

Shops:
D:4 =!![   D:6 *   D:12 *

Annotations:
D:4 3 runed translucent doors, shukka's ghost, novice MiBe
D:7 3 runed translucent doors, LordRotharoth's ghost, novice VSFi; retardedninja's ghost, novice HOFi
D:12 3 runed translucent doors, tkbsonic5's ghost, journeyman DjFE


Innate Abilities, Weirdness & Mutations

You are immune to sickness and miasma.
You are immune to poison.
Your flesh is very heat resistant. (rF++)
You are vulnerable to cold. (rC-)
You float through the air rather than walking.
You learn spells naturally, not from books.
Your magical power is your life essence.
You have superior vitality. (+4 MHP)


Message History

A rock wall.
The rock shatters into small pieces.
Found a leather armour and 3 stones.
You see here a black mamba corpse.
The boulder beetle curls into a ball and begins rolling!
The boulder beetle hits you!!
* * * LOW HITPOINT WARNING * * *
The boulder beetle stops rolling and uncurls.
You hear an angry hiss.
You see here a +0 leather armour.
The boulder beetle curls into a ball and begins rolling!
There is an escape hatch in the ceiling here.
You block the boulder beetle's attack.
The boulder beetle stops rolling and uncurls.
A mysterious force pulls you upwards. The hatch slams shut behind you.
A boulder beetle is nearby!
You feel better. The boulder beetle bites you!!
* * * LOW HITPOINT WARNING * * *
Unknown command.
You feel much better. The boulder beetle bites you.
* * * LOW HITPOINT WARNING * * *
Casting: Blink (safe; 1% risk of failure)
Confirm with . or Enter, or press ? or * to list all spells.
You blink.
* * * LOW HITPOINT WARNING * * *
Okay, then.
You feel better.
The boulder beetle curls into a ball and begins rolling!
Casting: Blink (safe; 1% risk of failure)
Confirm with . or Enter, or press ? or * to list all spells.
You blink.
* * * LOW HITPOINT WARNING * * *
The boulder beetle completely misses you.
The boulder beetle stops rolling and uncurls.
The boulder beetle attacks as you move away!
The boulder beetle bites you!
* * * LOW HITPOINT WARNING * * *
You feel better. The boulder beetle bites you!!
You die...
Your body disappears without a glow.

################# ### #######
.#.#...#P#.#.##.######.####.#.#.#
.................................
.....P.........°.................
...P.P..#......#○.....>..#P.P.#..
...#...........##......##.PP.##..
.......P#......B#......##P...##..
....#..........#@.......##...#.#.
....#..##......##......####..###.
P..##..#.......#.......# #.......
................#.....P###...###.
#..............#........###..###.
#...P..........##.......##....#..
#......#.......#.......####......
#.......#......##.......##.......
.......#.................##...#..


You could see a boulder beetle.

Vanquished Creatures
  Snorg (Lair:5)
  Fannar (Lair:3)
  3 hydras
  2 catoblepae
  10 death yaks
  A two-headed ogre (D:12)
  2 boulder beetles
  A fire crab (Lair:4)
  6 bog bodies (Lair:2)
  A deep elf pyromancer (D:12)
  An oklob plant (Lair:3)
  A manticore (D:12)
  An ugly thing (D:12)
  10 elephants
  5 black mambas
  A torpor snail (Lair:4)
  9 komodo dragons
  2 rime drakes (Lair:4)
  2 kobold demonologists (D:12)
  10 cane toads
  A queen bee (Lair:3)
  3 burning bushes (Lair:5)
  2 polar bears
  14 dream sheep
  12 blink frogs
  2 wraiths
  2 shadows (D:10)
  3 wyverns (Lair:5)
  A vampire (D:11)
  44 yaks
  A redback (Lair:5)
  5 basilisks
  5 vampire mosquitoes
  8 water moccasins
  2 sky beasts (D:7)
  2 black bears
  4 ice beasts
  An ogre (D:5)
  An orc warrior (D:8)
  11 wolves
  6 centaurs
  A phantom (D:4)
  4 kobold brigands
  A gnoll sergeant (D:7)
  7 bullfrogs
  3 elf skeletons (D:8)
  A necrophage (D:4)
  5 scorpions
  3 wights (D:10)
  28 killer bees
  3 howler monkeys
  2 electric eels
  2 jellies
  8 hounds
  3 orc priests
  Jessica (D:2)
  2 human skeletons (D:8)
  4 iguanas
  10 orc wizards
  3 adders
  10 gnolls
  A river rat (D:11)
  A white imp (D:5)
  2 ufetubi
  4 worms
  5 dart slugs
  20 orcs
  9 ball pythons
  15 endoplasms
  7 giant cockroaches
  10 goblins
  4 hobgoblins
  4 quokkas
  3 bats
  4 frilled lizards (D:1)
  35 kobolds
  An orc skeleton (D:8)
  8 rats
  3 bushes (Lair:5)
437 creatures vanquished.

Vanquished Creatures (collateral kills)
  A hydra (Lair:3)
  A death yak (Lair:3)
  A torpor snail (Lair:5)
  Psyche (D:8)
  A komodo dragon (D:11)
  2 blink frogs
  A shadow (D:11)
  A wyvern (Lair:5)
  14 yaks
  3 vampire mosquitoes (D:11)
  2 water moccasins
  A wolf (Lair:3)
  A gnoll sergeant (D:8)
  A killer bee (D:10)
  A hound (Lair:3)
  An orc priest (D:9)
  An orc wizard (D:8)
  A hell rat (D:11)
  4 gnolls
  A worm (Lair:3)
  A kobold (D:8)
  A rat (D:11)
  A butterfly (Lair:4)
  7 foxfires
50 creatures vanquished.

Vanquished Creatures (others)
  An angel (D:6)
  A dream sheep (Lair:5)
  2 yaks
  513 foxfires
  53 fungi
  71 plants
  4 withered plants (D:7)
645 creatures vanquished.

Grand Total: 1132 creatures vanquished

Notes
Turn   | Place    | Note
-------+----------+-------------------------------------------
     0 | D:1      | billz999 the Djinni Fire Elementalist began the quest for
                  | the Orb.
     0 | D:1      | billz999 set off with the following spells memorised:
                  | Foxfire, Scorch, Kindle Blastsparks, Inner Flame, Flame
                  | Wave.
     0 | D:1      | Reached XP level 1. HP: 15/15 MP: 0/0
    62 | D:1      | Reached XP level 2. HP: 20/21 MP: 0/0
   378 | D:1      | Reached XP level 3. HP: 24/25 MP: 0/0
   378 | D:1      | Learned a level 1 spell: Shock
   639 | D:1      | You are sucked into a shaft and drop 1 floor!
   978 | D:2      | Noticed Jessica
   986 | D:2      | Killed Jessica
   987 | D:2      | Reached XP level 4. HP: 26/31 MP: 0/0
  1788 | D:3      | Reached XP level 5. HP: 29/35 MP: 0/0
  1788 | D:3      | Learned a level 2 spell: Call Imp
  2258 | D:4      | Noticed a phantom
  2274 | D:4      | Reached XP level 6. HP: 27/40 MP: 0/0
  2282 | D:4      | Reached skill level 5 in Spellcasting
  2495 | D:4      | Found a sacrificial altar of Ru.
  2495 | D:4      | Found a snail-covered altar of Cheibriados.
  2496 | D:4      | Found a sparkling altar of Nemelex Xobeh.
  2497 | D:4      | Found a basalt altar of Yredelemnul.
  2497 | D:4      | Found a blossoming altar of Fedhas.
  2563 | D:4      | Became a worshipper of Nemelex Xobeh the Trickster
  2606 | D:4      | Found Ceqyaxekih's Distillery.
  2606 | D:4      | Found Sapn's Armour Shoppe.
  2606 | D:4      | Found Piok's Distillery.
  2607 | D:4      | Found Ixoeg's Jewellery Shoppe.
  2609 | D:4      | Bought a potion of heal wounds for 50 gold pieces
  2701 | D:4      | Identified the +9 dagger of Defilement {drain, Fragile Fly
                  | Str-2 Dex+6}
  2872 | D:4      | Found a runed translucent gate.
  2872 | D:4      | Found a runed translucent gate.
  2873 | D:4      | Found a runed translucent gate.
  2875 | D:4      | Noticed shukka's ghost (novice MiBe)
  3089 | D:4      | Reached XP level 7. HP: 39/45 MP: 0/0
  3089 | D:4      | Learned a level 2 spell: Blink
  3142 | D:4      | Reached skill level 1 in Short Blades
  3326 | D:5      | Entered Level 5 of the Dungeon
  3411 | D:5      | Reached skill level 1 in Fighting
  3771 | D:5      | Reached skill level 2 in Fighting
  3771 | D:5      | Reached XP level 8. HP: 46/54 MP: 0/0
  4122 | D:5      | Reached skill level 3 in Fighting
  4242 | D:5      | Reached * piety under Nemelex Xobeh
  4269 | D:5      | Reached skill level 5 in Short Blades
  4438 | D:6      | Found Tov Omysm's Lightly-Used Armoury.
  4443 | D:6      | Received a gift from Nemelex Xobeh
  4458 | D:6      | Noticed an angel
  4459 | D:6      | Found a glowing silver altar of Zin.
  4459 | D:6      | Found a shimmering altar of Xom.
  4478 | D:6      | Killed an angel
  4539 | D:6      | Reached skill level 4 in Fighting
  4560 | D:6      | Found a staircase to the Ecumenical Temple.
  4669 | D:6      | Reached XP level 9. HP: 60/62 MP: 0/0
  4669 | D:6      | Learned a level 4 spell: Summon Ice Beast
  4797 | D:6      | Found a hazy altar of Hepliaklqana.
  4878 | D:6      | Received a gift from Nemelex Xobeh
  5089 | D:7      | Reached skill level 1 in Invocations
  5184 | D:7      | Reached ** piety under Nemelex Xobeh
  5292 | D:7      | Identified the +2 rapier of Sawnokiu {flame, rF+ rN+}
  5649 | D:7      | Found a runed translucent gate.
  5649 | D:7      | Found a runed translucent gate.
  5650 | D:7      | Found a runed translucent gate.
  5652 | D:7      | Noticed LordRotharoth's ghost (novice VSFi)
  5652 | D:7      | Noticed retardedninja's ghost (novice HOFi)
  6357 | D:8      | Identified 2 scrolls of acquirement
  6358 | D:8      | Acquired the +0 ring mail of Xom, Slashing {rF+++ rC-
                  | Dex-5}
  6359 | D:8      | Acquired the +8 storm dragon scales of the Tired Scars
                  | {rElec Will+ Int+2}
  6657 | D:8      | Noticed Psyche
  6691 | D:8      | Killed Psyche
  6896 | D:8      | Reached XP level 10. HP: 66/69 MP: 0/0
  6907 | D:8      | Identified the +4 flail of the Shark {freeze, MP+9 Int+2}
  7323 | D:8      | Received a gift from Nemelex Xobeh
  7529 | D:8      | Reached skill level 1 in Shields
  7850 | D:4      | Bought the +0 ring mail "Gabal" {*Slow Str+6 Int+4} for 343
                  | gold pieces
  8089 | D:9      | Found a staircase to the Orcish Mines.
  8149 | D:9      | Reached *** piety under Nemelex Xobeh
  8485 | D:9      | Received a gift from Nemelex Xobeh
  8748 | D:10     | Entered Level 10 of the Dungeon
  8996 | D:10     | Reached XP level 11. HP: 63/74 MP: 0/0
  8996 | D:10     | Learned a level 5 spell: Blade Hands
  9736 | D:10     | Received a gift from Nemelex Xobeh
  9851 | D:11     | Found a gate leading to a gauntlet.
  9860 | D:11     | Reached skill level 5 in Fighting
  9860 | D:11     | Reached skill level 5 in Invocations
  9866 | D:11     | Reached **** piety under Nemelex Xobeh
 10136 | D:11     | Noticed a death yak
 10136 | D:11     | Noticed a death yak
 10150 | D:11     | Noticed a death yak
 10153 | D:11     | Killed a death yak
 10170 | D:11     | Found a staircase to the Lair.
 10178 | D:11     | Killed a death yak
 10179 | D:11     | Reached skill level 6 in Fighting
 10186 | D:11     | Killed a death yak
 10603 | D:11     | Received a gift from Nemelex Xobeh
 10708 | D:12     | Found a runed translucent gate.
 10708 | D:12     | Found a runed translucent gate.
 10708 | D:12     | Found a runed translucent gate.
 10713 | D:12     | Found Hoihi's Gadget Gallery.
 10844 | D:12     | Noticed a manticore
 10856 | D:12     | Reached XP level 12. HP: 82/84 MP: 0/0
 10865 | D:12     | Reached skill level 7 in Fighting
 10978 | D:12     | Noticed a boulder beetle
 11257 | D:12     | Noticed a two-headed ogre
 11266 | D:12     | Noticed tkbsonic5's ghost (journeyman DjFE)
 11277 | D:12     | Killed a two-headed ogre
 11277 | D:12     | Noticed a boulder beetle
 11278 | D:12     | Reached skill level 8 in Fighting
 11452 | D:12     | Identified the -1 quarterstaff "Vinuumm" {vamp, rN+ Str+3}
 11464 | D:12     | Killed a boulder beetle
 11810 | D:12     | Received a gift from Nemelex Xobeh
 11998 | Lair:1   | Entered Level 1 of the Lair of Beasts
 12272 | Lair:1   | Reached skill level 10 in Spellcasting
 12419 | Lair:1   | Identified the +6 mace of Compassion {drain, Int+2}
 12432 | Lair:1   | Received a gift from Nemelex Xobeh
 12930 | Lair:2   | Received a gift from Nemelex Xobeh
 13057 | Lair:2   | Received a gift from Nemelex Xobeh
 13089 | Lair:2   | Reached skill level 9 in Fighting
 13262 | Lair:2   | Reached XP level 13. HP: 83/94 MP: 0/0
 13262 | Lair:2   | Learned a level 5 spell: Fireball
 13462 | Lair:2   | Found a staircase to the Swamp.
 13557 | Lair:2   | Reached skill level 10 in Fighting
 14297 | Lair:2   | Reached skill level 11 in Fighting
 14297 | Lair:2   | Reached skill level 10 in Short Blades
 14723 | Lair:3   | Noticed a four-headed hydra
 14723 | Lair:3   | Reached ***** piety under Nemelex Xobeh
 14733 | Lair:3   | Killed a four-headed hydra
 14874 | Lair:3   | Noticed a catoblepas
 14916 | Lair:3   | Killed a catoblepas
 14921 | Lair:3   | Reached skill level 12 in Fighting
 14921 | Lair:3   | Upgraded the game from 0.30-a0-475-g03497ec522 to
                  | 0.30-a0-528-g8c47a4955b
 15202 | Lair:3   | Noticed a four-headed hydra
 15209 | Lair:3   | Killed a four-headed hydra
 15617 | Lair:3   | Noticed a seven-headed hydra
 15620 | Lair:3   | Killed a seven-headed hydra
 15776 | Lair:3   | Noticed Fannar
 15791 | Lair:3   | HP: 4/101 [something/bolt of cold (40)]
 15794 | Lair:3   | Killed Fannar
 16089 | Lair:3   | Reached skill level 10 in Invocations
 16100 | Lair:3   | Reached XP level 14. HP: 32/107 MP: 0/0
 16490 | Lair:3   | Received a gift from Nemelex Xobeh
 16783 | Lair:3   | Found a hole to the Spider Nest.
 17326 | Lair:3   | Received a gift from Nemelex Xobeh
 18042 | Lair:3   | Reached skill level 13 in Fighting
 19063 | Lair:4   | Received a gift from Nemelex Xobeh
 19304 | Lair:4   | Received a gift from Nemelex Xobeh
 20158 | Lair:5   | Entered Level 5 of the Lair of Beasts
 20162 | Lair:4   | Upgraded the game from 0.30-a0-528-g8c47a4955b to
                  | 0.30-a0-534-gdc55766716
 21304 | Lair:5   | Reached XP level 15. HP: 83/115 MP: 0/0
 21304 | Lair:5   | Learned a level 6 spell: Death Channel
 21704 | Lair:5   | Found a viscous altar of Jiyva.
 21704 | Lair:5   | Found a staircase to the Slime Pits.
 21721 | Lair:5   | Noticed Snorg
 21736 | Lair:5   | Killed Snorg
 21963 | Lair:5   | Received a gift from Nemelex Xobeh
 22028 | Lair:4   | HP: 1/115 [boulder beetle (20)]
 22039 | Lair:4   | Slain by a boulder beetle

Illustrated notes

Levels and vault maps discovered:
D:1:      onia_arrival_pyramid, layout_loops_ring, kennysheep_minor_cross
D:2:      layout_loops_ring, chequers_serial_rivers_micro_a,
          minmay_crystal_water, uniq_jessica
D:3:      layout_loops_ring, chequers_serial_rivers_micro_b,
          chequers_serial_rivers_micro_c, dk_noncrumbling_3,
          dreamdust_wishing_well, minmay_surrounded
D:4:      layout_loops_ring, grunt_temple_overflow_open,
          gammafunk_ghost_nasty_kobolds, roderic_serpentine_path,
          hangedman_decor_slide_cut, hangedman_decor_diamond_cutter,
          st_stairs_5, minmay_shop_grid_forest
D:5:      layout_loops_ring
D:6:      layout_basic, grunt_temple_overflow_order_and_chaos_1,
          old_standard_altar, minmay_temple_entry_antechambers,
          minmay_shop_damaged, grunt_ministairs_3
D:7:      layout_basic, gammafunk_ghost_cemetery
D:8:      layout_gridville, nicolae_ossuary_entry_catacombs,
          minmay_misc_feat_roman, chequers_hall_statues_corner_a,
          grunt_ministairs_3, minivault_26, uniq_psyche
D:9:      corexii_shack_village, layout_rooms, orc_0_dummy
D:10:     layout_rooms
D:11:     layout_cave_pools, dpeg_lair_monsters, gauntlet_entry_generic
D:12:     layout_loops_ring, gammafunk_ghost_icy, nicolae_shop_gadgets
Lair:1:   layout_small_grid, pdpol_lair_neglected_garden
Lair:2:   layout_cave_pods, nicolae_swamp_entry_splash_gauntlet
Lair:3:   beast_lair_carwin_large_1, layout_cave_pods,
          nicolae_spider_entry_non_spiders, special_room [special_room_bee],
          infiniplex_staircase_pool, uniq_fannar
Lair:4:   layout_long_grid, chequers_serial_rivers_micro_d,
          kennysheep_basilisk_garden, lemuel_fruit_fields, lemuel_fruit_fields
Lair:5:   wormcave, layout_loops_ring, hangedman_lair_tendril_chambers,
          nicolae_slime_entry_slimehenge, enter_volcano_1, evilmike_ambush
          [evilmike_ambush_outer_corners, evilmike_ambush_inner_pond],
          uniq_snorg

Skill      XL: |  1  2  3  4  5  6  7  8  9 10 11 12 13 14 15 |
---------------+----------------------------------------------+-----
Spellcasting   | 3 4 5 7 9 10 11 | 11.3
Short Blades   | 3 5 8 9 10 | 10.0
Fighting       | 2 4 6 9 12 13 | 13.3
Invocations    | 3 4 6 8 10 12 | 12.0
Shields        | 4 |  4.0
Dodging        | 4 |  4.2
Stealth        | |  1.5

Action                   |  1- 3 |  4- 6 |  7- 9 | 10-12 | 13-15 || total
-------------------------+-------+-------+-------+-------+-------++-------
Melee: Short sword       |     1 |     3 |       |       |       ||     4
       Dagger            |       |     1 |    14 |   137 |    68 ||   220
 Cast: Foxfire           |    55 |    26 |    90 |   123 |    48 ||   342
       Scorch            |     4 |    16 |    38 |    86 |    75 ||   219
       Shock             |       |    53 |    55 |     1 |       ||   109
       Call Imp          |       |     2 |     2 |       |     2 ||     6
       Flame Wave        |       |     1 |     3 |    18 |    73 ||    95
       Blink             |       |       |     4 |    22 |    73 ||    99
       Kindle Blastspark |       |       |     3 |    15 |     3 ||    21
       Summon Ice Beast  |       |       |     4 |    32 |    16 ||    52
       Inner Flame       |       |       |       |     2 |     6 ||     8
       Fireball          |       |       |       |       |   178 ||   178
       Death Channel     |       |       |       |       |     1 ||     1
Invok: Draw Summoning    |       |       |     1 |     4 |     2 ||     7
       Draw Destruction  |       |       |       |    11 |       ||    11
       Triple Draw       |       |       |       |     2 |     1 ||     3
       Draw Escape       |       |       |       |     1 |     1 ||     2
       Stack Five        |       |       |       |       |     1 ||     1
Evoke: Wand              |       |       |       |     1 |     7 ||     8
  Use: Scroll            |     1 |     3 |     7 |     3 |       ||    14
       Potion            |       |       |     1 |       |     9 ||    10
 Stab: Sleeping          |       |       |     2 |     1 |       ||     3
       Distracted        |       |       |       |     1 |     1 ||     2
       Petrifying        |       |       |       |       |     2 ||     2
       Petrified         |       |       |       |       |     1 ||     1
Armor: Robe              |     1 |     2 |     3 |     5 |       ||    11
       Ring mail         |       |       |       |    27 |    75 ||   102
Dodge: Dodged            |       |     7 |    19 |    51 |   144 ||   221
Block: Buckler           |       |       |       |    26 |    61 ||    87

Table legend: (Time is in decaauts)
 A = Elapsed time spent in this place.
 B = Non-inter-level travel time spent in this place.
 C = Inter-level travel time spent in this place.
 D = Time resting spent in this place.
 E = Time spent auto-exploring this place.
 F = Levels seen in this place.
 G = Mean time per level.
                   A        B        C        D        E       F      G
               +--------+--------+--------+--------+--------+-----+--------+
         Total |  22054 |  20972 |   1082 |   5696 |  12235 |  17 | 1297.3 |
       Dungeon |  11965 |  11227 |    738 |   1350 |   8090 |  12 |  997.1 |
          Lair |  10089 |   9746 |    343 |   4346 |   4145 |   5 | 2017.8 |
               +--------+--------+--------+--------+--------+-----+--------+

Top non-repeatable levels by time:
  Lair:3: 3556 daAuts
  Lair:4: 2853 daAuts
  Lair:2: 2155 daAuts
     D:8: 1416 daAuts
     D:7: 1300 daAuts
     D:4: 1248 daAuts
    D:12: 1137 daAuts
     D:5: 1073 daAuts
    D:11: 1068 daAuts
  Lair:1: 965 daAuts
     D:9: 958 daAuts
     D:2: 893 daAuts
     D:6: 834 daAuts
    D:10: 743 daAuts
     D:3: 650 daAuts
